 Dungeon Crawl Stone Soup version 0.30-a0-553-g7fabdf1491 (webtiles) character file.

Game seed: 3594550525008324211

210 bmack86 the Chopper (level 5, -14/47 HPs)
             Began as a Minotaur Fighter on Dec 26, 2022.
             Demolished by an ogre
             ... wielding a +0 giant spiked club
              (16 damage)
             ... on level 4 of the Dungeon.
             The game lasted 00:11:38 (2653 turns).

bmack86 the Chopper (Minotaur Fighter)              Turns: 2653, Time: 00:11:39

Health: -14/47     AC:  8    Str: 22    XL:     5   Next: 57%
Magic:  4/4        EV:  9    Int:  5    God:
Gold:   156        SH:  4    Dex: 10    Spells: 4/4 levels left

rFire   + . .      SeeInvis .    a - +1 war axe
rCold   . . .      Faith    .    c - +0 buckler
rNeg    . . .      Spirit   .    b - +0 scale mail
rPois   .          Reflect  .    (helmet restricted)
rElec   .          Harm     .    (no cloak)
rCorr   .          Rampage  .    j - +0 pair of gloves
Will    .....                    (no boots) Stlth
                                 (no amulet)
HPRegen 0.27/turn                l - ring of protection from fire
MPRegen 0.09/turn                (no ring)

@: no status effects
A: horns 2, retaliatory headbutt
a: no special abilities


You were on level 4 of the Dungeon.
You visited 1 branch of the dungeon, and saw 4 of its levels.

You collected 156 gold pieces.

Inventory:

Hand Weapons
 a - a +1 war axe (weapon)
Missiles
 h - a boomerang (quivered)
Armour
 b - a +0 scale mail (worn)
 c - a +0 buckler (worn)
 j - a +0 pair of gloves (worn)
Jewellery
 l - a ring of protection from fire (left hand)
Scrolls
 k - a scroll of amnesia
 m - a scroll of identify
 n - a scroll of fear {unknown}
 o - a scroll of teleportation
Potions
 d - a potion of might
 e - a potion of brilliance
 f - 2 potions of ambrosia
 g - a potion of curing
 i - a potion of degeneration


   Skills:
 + Level 4.7 Fighting
 * Level 4.8 Axes
 + Level 0.7 Throwing
 + Level 4.6 Armour
 + Level 4.5 Shields


You had 4 spell levels left.
You didn't know any spells.
Your spell library was empty.

Dungeon Overview and Level Annotations

Branches:
Dungeon (4/15)
 Temple: D:4-7

Altars:
Cheibriados
Gozag


Innate Abilities, Weirdness & Mutations

You have a pair of horns on your head.
You reflexively headbutt those who attack you in melee.


Message History

Things that are here:
a +0 hand axe; an orc corpse A worm comes into view.
You throw a boomerang. The boomerang hits the worm!
The worm is heavily wounded.
You throw a boomerang. The boomerang barely misses the worm.
You throw a boomerang. The boomerang hits the worm.
The worm is heavily wounded.
You throw a boomerang. The boomerang hits the worm.
The worm is severely wounded.
The worm bites you.
You slash the worm!
You kill the worm!
You see here a worm corpse.
There is an open door here.
You open the door.
There is an open door here.
Found a mace and a trident.
An ogre comes into view. It is wielding a +0 giant spiked club.
You throw a boomerang.
The boomerang completely misses the ogre.
You throw a boomerang. The boomerang hits the ogre.
The ogre is lightly wounded.
You throw a boomerang. The boomerang closely misses the ogre.
You throw a boomerang. The boomerang barely misses the ogre.
You throw a boomerang. The boomerang hits the ogre.
The ogre is lightly wounded.
The ogre hits you with a +0 giant spiked club!
You slash the ogre! You headbutt the ogre.
The ogre is almost dead.
You block the ogre's attack.
You hit the ogre. You headbutt the ogre.
The ogre is almost dead.
The ogre hits you with a +0 giant spiked club!!
Ouch! That really hurt!
* * * LOW HITPOINT WARNING * * *
You barely miss the ogre.
The ogre is almost dead.
The ogre hits you with a +0 giant spiked club!
You die...

##...## ##.## #..♣♣..
#.# #..♣..♣ ♣ #.#
#.)..♣♣.♣ ##'##
##.#...... ##...##
#........# ##.....##
#.....)..# #.......##
##.O....#.#
#.........####..@......#
+.........'.............
#.^.......####.........#
##.......## ##......#.#
##.....## #.#...## #
##...## #....... ##+#
####.#### .#


You could see an ogre.

Vanquished Creatures
  An orc priest (D:3)
  An orc wizard (D:3)
  2 gnolls (D:2)
  6 adders
  2 worms
  2 dart slugs
  6 orcs
  6 endoplasms
  8 giant cockroaches
  2 goblins (D:1)
  4 hobgoblins
  2 jackals (D:1)
  5 quokkas (D:2)
  4 ball pythons
  7 bats
  3 frilled lizards
  2 kobolds
  4 rats
67 creatures vanquished.

Vanquished Creatures (others)
  23 plants (D:2)
23 creatures vanquished.

Grand Total: 90 creatures vanquished

Notes
Turn   | Place    | Note
-------+----------+-------------------------------------------
     0 | D:1      | bmack86 the Minotaur Fighter began the quest for the Orb.
     0 | D:1      | Reached XP level 1. HP: 19/19 MP: 0/0
   100 | D:1      | Reached XP level 2. HP: 27/27 MP: 1/1
   564 | D:2      | Reached XP level 3. HP: 33/33 MP: 2/2
   792 | D:2      | Reached XP level 4. HP: 40/40 MP: 3/3
  1261 | D:3      | Reached XP level 5. HP: 10/47 MP: 4/4
  1262 | D:3      | HP: 2/47 [orc/+0 flail (7)]
  1749 | D:3      | Found an opulent altar of Gozag.
  2006 | D:3      | Found a snail-covered altar of Cheibriados.
  2644 | D:4      | Noticed an ogre
  2652 | D:4      | HP: 2/47 [ogre/+0 giant spiked club (30)]
  2653 | D:4      | Demolished by an ogre

Illustrated notes

Levels and vault maps discovered:
D:1:      scummos_arrival_star, layout_rooms
D:2:      wad_woods_tower, layout_basic, chequers_arboretum
D:3:      layout_basic, kennysheep_slug_shrine,
          mainiacjoe_overflow_six_doors_small
D:4:      layout_loops_corners, mainiacjoe_overflow_small_starburst

Skill      XL: |  1  2  3  4 |
---------------+-------------+-----
Axes           | 3 4 |  4.8
Fighting       | 4 |  4.7
Armour         | 4 |  4.6
Shields        | 4 |  4.5
Throwing       | |  0.7

Action                   |  1- 3 |  4- 6 || total
-------------------------+-------+-------++-------
Melee: War axe           |    75 |    67 ||   142
       Staff             |     2 |       ||     2
       Headbutt          |    18 |     8 ||    26
Throw: Boomerang         |       |    25 ||    25
  Use: Scroll            |     3 |     6 ||     9
Armor: Scale mail        |    21 |    31 ||    52
Dodge: Dodged            |    22 |    36 ||    58
Block: Buckler           |    15 |    15 ||    30

Table legend: (Time is in decaauts)
 A = Elapsed time spent in this place.
 B = Non-inter-level travel time spent in this place.
 C = Inter-level travel time spent in this place.
 D = Time resting spent in this place.
 E = Time spent auto-exploring this place.
 F = Levels seen in this place.
 G = Mean time per level.
                   A        B        C        D        E       F      G
               +--------+--------+--------+--------+--------+-----+--------+
         Total |   2712 |   2667 |     45 |    161 |   1729 |   4 |  678.0 |
       Dungeon |   2712 |   2667 |     45 |    161 |   1729 |   4 |  678.0 |
               +--------+--------+--------+--------+--------+-----+--------+

Top non-repeatable levels by time:
     D:3: 982 daAuts
     D:2: 852 daAuts
     D:4: 484 daAuts
     D:1: 393 daAuts
